 Dungeon Crawl Stone Soup version 0.27-a0-668-gb5737ff2c0 (webtiles) character file.

Game seed: 767804349024498227

2142 siradein the Zephyrmancer (level 9, -9/62 HPs)
             Began as a Purple Draconian Air Elementalist on Mar 15, 2021.
             Mangled by a wolf spider zombie (11 damage)
             ... on level 7 of the Dungeon on Mar 17, 2021.
             The game lasted 00:46:16 (6920 turns).

siradein the Zephyrmancer (DrAE)                    Turns: 6920, Time: 00:46:17

Health: -9/62      AC: 11    Str: 10    XL:     9   Next: 9%
Magic:  4/12       EV: 12    Int: 22    God:
Gold:   498        SH:  0    Dex: 12    Spells: 2/12 levels left

rFire    . . .     SeeInvis .   r - +5 mace "Gouke" {pain, Fragile rPois Int+3}
rCold    . . .     Faith    .   (no shield)
rNeg     + . .     Spirit   .   (armour unavailable)
rPois    +         Reflect  .   (helmet restricted)
rElec    .         Harm     .   (no cloak)
rCorr    +         Rampage  .   n - +2 pair of gloves
Will     +....                  i - +0 pair of boots
Stlth    ++........             m - amulet of magic regeneration
HPRegen  0.20/turn              a - ring of resist corrosion
MPRegen  0.38/turn              x - ring of positive energy

@: no status effects
A: breathe power, AC +7, unfitting armour, cold-blooded
a: Breathe Dispelling Energy


You were on level 7 of the Dungeon.
You visited 1 branch of the dungeon, and saw 7 of its levels.
You also visited: Sewer.

You collected 498 gold pieces.

Inventory:

Hand Weapons
 r - the +5 mace "Gouke" (weapon) {pain, Fragile rPois Int+3}
   (You found it on level 4 of the Dungeon)

   In the hands of one skilled in necromantic magic, it inflicts extra damage on
   living creatures.
   It affects your intelligence (+3).
   It protects you from poison.
   It will be destroyed if unequipped.
Armour
 i - a +0 pair of boots (worn)
 n - a +2 pair of gloves (worn)
Jewellery
 a - a ring of resist corrosion (right hand)
 m - an amulet of magic regeneration (around neck)
 u - an amulet of faith
 w - a ring of poison resistance
 x - a ring of positive energy (left hand)
Wands
 t - a wand of charming (16)
Scrolls
 e - 4 scrolls of enchant weapon {unknown}
 j - a scroll of random uselessness {unknown}
 o - 3 scrolls of amnesia
 p - a scroll of blinking {unknown}
 q - a scroll of immolation {unknown}
Potions
 b - 3 potions of heal wounds
 c - 2 potions of might
 d - a potion of magic {unknown}
 f - 2 potions of flight {unknown}
 g - 3 potions of curing {unknown}
 h - 2 potions of brilliance {unknown}
 k - 3 potions of berserk rage {unknown}
 l - 2 potions of haste {unknown}
 s - a potion of lignification {unknown}
 z - 2 potions of degeneration {unknown}


   Skills:
 - Level 1.7 Dodging
 - Level 1.7 Stealth
 - Level 2.4 Spellcasting
 - Level 1.0 Conjurations
 + Level 12.1 Air Magic


You had 2 spell levels left.
You knew the following spells:

 Your Spells              Type           Power      Damage    Failure   Level
a - Shock                 Conj/Air       100%       1d9       1%          1
b - Swiftness             Air            54%        N/A       1%          2
c - Static Discharge      Conj/Air       31%        N/A       2%          3
d - Airstrike             Air            27%        N/A       1%          4

Your spell library contained the following spells:

 Spells                   Type           Power      Damage    Failure   Level
 Magic Dart               Conj           28%        1d4       9%          1
 Animate Skeleton         Necr           4%         N/A       13%         1
 Pain                     Necr           8%         1d4       13%         1
 Blink                    Tloc           N/A        N/A       21%         2
 Call Imp                 Summ           2%         N/A       21%         2
 Slow                     Hex            2%         N/A       21%         2
 Mephitic Cloud           Conj/Pois/Air  21%        N/A       7%          3
 Lightning Bolt           Conj/Air       15%        1d29      24%         5
 Conjure Flame            Conj/Fire      4%         6-21      32%         3
 Vampiric Draining        Necr           1%         2d6       36%         3
 Animate Dead             Necr           1%         N/A       78%         4
 Agony                    Necr           2%         N/A       98%         5


Dungeon Overview and Level Annotations

Branches:
Dungeon (7/15)             Temple (0/1) D:7           Sewer (visited)

Altars:
Ashenzari
Zin


Innate Abilities, Weirdness & Mutations

You can breathe bolts of dispelling energy.
Your rich purple scales are hard. (AC +7)
You cannot fit into any form of body armour.
You are cold-blooded and may be slowed by cold attacks.


Message History

Aiming: Airstrike (dangerous; 1% risk of failure)
Press: ? - help, Dir - move target, f/p - wolf spider zombie
Aim: a wolf spider zombie (lightly damaged)
The air twists around and strikes the wolf spider zombie!
The wolf spider zombie is moderately damaged.
The wolf spider zombie closely misses you.
The wolf spider zombie bites you.
* * * LOW HITPOINT WARNING * * *
Press: ? - help, Shift-Dir - straight line, f - shadow imp, p - wolf spider zombie
Aim: a shadow imp You breathe a bolt of dispelling energy.
The bolt of dispelling energy hits the shadow imp!
The shadow imp is almost dead.
The bolt of dispelling energy misses the wolf spider zombie.
The bolt of dispelling energy hits the centaur warrior zombie!
The centaur warrior zombie is lightly damaged.
The bolt of dispelling energy hits the shadow imp.
The shadow imp is heavily wounded.
Casting: Airstrike (dangerous; 1% risk of failure)
Confirm with . or Enter, or press ? or * to list all spells.
Aiming: Airstrike (dangerous; 1% risk of failure)
Press: ? - help, Dir - move target, f - wolf spider zombie, p - shadow imp
Aim: a wolf spider zombie (moderately damaged)
The air twists around and strikes the wolf spider zombie!
The wolf spider zombie is moderately damaged.
The shadow imp hits you but does no damage.
You hit the shadow imp.
You kill the shadow imp!
The wolf spider zombie hits you!
* * * LOW HITPOINT WARNING * * *
The wolf spider zombie closely misses you.
Your life force feels restored.
The wolf spider zombie closely misses you.
The wolf spider zombie bites you.
* * * LOW HITPOINT WARNING * * *
You have got your breath back.
You sock the wolf spider zombie!
The wolf spider zombie is heavily damaged.
The wolf spider zombie hits you!
You die...

#........##
..........##
...........#
...........#
..........5#######
..........4..5.5.#
.).......Z######.#
).........# #Z##
.)..)....## *#@.#
.........# #...#**
..(..5...# #...PP*
.........# #...≈≈#*
.........# *♣≈..≈♣≈#
.........# **≈≈≈.≈≈♣♣
.5.......#***≈≈P...≈P**
..######.♣≈≈≈≈P≈..≈≈≈≈*
*** .##**
*#≈≈≈≈≈≈,,,,≈≈≈* *,*


You could see a shadow imp and a wolf spider zombie.

Vanquished Creatures
  Pikel (D:6)
  Sigmund (D:6)
  A water moccasin (Sewer)
  An orc warrior (D:6)
  2 ogres
  A centaur (D:6)
  A bullfrog (D:4)
  Blork the orc (D:6)
  A scorpion (D:4)
  9 wights
  A hound (D:6)
  2 jellies
  3 orc priests (D:6)
  3 orc wizards
  2 worker ants (D:5)
  6 gnolls (D:5)
  4 adders
  A shadow imp (D:7)
  A white imp (D:5)
  An ooze (D:2)
  An adder zombie (D:5)
  4 worms
  4 dart slugs
  6 leopard geckos
  15 orcs
  3 giant cockroaches
  6 hobgoblins
  16 jackals
  2 quokkas
  2 ball pythons
  16 bats
  4 frilled lizards
  9 goblins
  6 kobolds
  A quokka zombie (D:5)
  11 rats
149 creatures vanquished.

Notes
Turn   | Place    | Note
-------+----------+-------------------------------------------
     0 | D:1      | siradein the Draconian Air Elementalist began the quest for
                  | the Orb.
     0 | D:1      | Reached XP level 1. HP: 14/14 MP: 3/3
   502 | D:1      | Reached XP level 2. HP: 15/20 MP: 0/5
  1059 | D:1      | Learned a level 2 spell: Swiftness
  1126 | D:1      | Reached skill level 4 in Air Magic
  1598 | D:2      | Reached XP level 3. HP: 26/26 MP: 3/6
  2356 | D:2      | Reached XP level 4. HP: 29/33 MP: 5/7
  2360 | D:2      | Learned a level 3 spell: Static Discharge
  2430 | D:2      | Reached skill level 5 in Air Magic
  2553 | D:2      | Found a glowing silver altar of Zin.
  3991 | D:3      | Reached XP level 5. HP: 38/38 MP: 5/8
  4023 | D:3      | Found a broken altar of Ashenzari.
  4219 | D:3      | Upgraded the game from 0.27-a0-650-g8dd3ea4f36 to
                  | 0.27-a0-660-g90476cec82
  4282 | D:4      | Identified the +5 mace "Gouke" {pain, Fragile rPois Int+3}
  4314 | D:4      | Reached skill level 6 in Air Magic
  4600 | D:4      | Reached XP level 6. HP: 42/45 MP: 5/9
  4791 | D:4      | Reached skill level 7 in Air Magic
  4969 | D:5      | Entered Level 5 of the Dungeon
  5542 | D:5      | Reached skill level 8 in Air Magic
  5567 | D:5      | Your scales start taking on a rich purple colour.
  5567 | D:5      | Reached XP level 7. HP: 46/50 MP: 5/10
  5665 | D:5      | Learned a level 4 spell: Airstrike
  5745 | D:6      | Noticed Sigmund
  5750 | D:6      | Killed Sigmund
  5825 | D:6      | Reached skill level 9 in Air Magic
  5875 | D:6      | Noticed Pikel
  5896 | D:6      | Killed Pikel
  5897 | D:6      | Reached skill level 10 in Air Magic
  5897 | D:6      | Reached XP level 8. HP: 57/57 MP: 0/11
  5967 | D:6      | Found a glowing drain.
  5971 | Sewer    | Entered a sewer
  6028 | Sewer    | Reached skill level 11 in Air Magic
  6293 | D:6      | Noticed Blork the orc
  6296 | D:6      | Killed Blork the orc
  6818 | D:6      | Upgraded the game from 0.27-a0-660-g90476cec82 to
                  | 0.27-a0-668-gb5737ff2c0
  6838 | D:7      | Reached XP level 9. HP: 62/62 MP: 7/12
  6847 | D:7      | Reached skill level 12 in Air Magic
  6896 | D:7      | Noticed a hellwing
  6916 | D:7      | HP: 3/61 [wolf spider zombie (13)]
  6917 | D:7      | HP: 1/62 [wolf spider zombie (2)]
  6920 | D:7      | Mangled by a wolf spider zombie

Illustrated notes

Levels and vault maps discovered:
D:1:      amcnicky_arrival_choice, layout_loops_cross
D:2:      layout_loops_ring, general_overflow_altar
D:3:      layout_rooms, ashenzari_conservatory_becter
D:4:      layout_cave_pools, lemuel_old_faithful
D:5:      layout_rooms
D:6:      layout_rooms, gup_sewer_entry_bowl, uniq_pikel, uniq_blork_the_orc,
          uniq_sigmund
D:7:      cheibrodos_grave_circle, layout_cave_pods, old_standard_altar,
          minmay_temple_entry_large_hall, enter_ossuary_1, serial_bayou,
          serial_bayou_ford_a, serial_bayou_pond_d, serial_bayou_lagoon_a,
          serial_bayou_pond_a

Skill      XL: |  1  2  3  4  5  6  7  8  9 |
---------------+----------------------------+-----
Air Magic      | 4 5 6 8 10 11 12 | 12.1
Dodging        | |  1.7
Stealth        | |  1.7
Spellcasting   | |  2.4
Conjurations   | |  1.0

Action                   |  1- 3 |  4- 6 |  7- 9 || total
-------------------------+-------+-------+-------++-------
Melee: Mace              |       |     2 |     6 ||     8
       Tailslap          |       |     1 |     1 ||     2
 Cast: Shock             |    85 |   184 |    50 ||   319
       Swiftness         |       |     1 |       ||     1
       Airstrike         |       |       |    32 ||    32
       Static Discharge  |       |       |     3 ||     3
 Abil: Breathe Dispellin |       |       |     2 ||     2
  Use: Scroll            |       |     2 |     5 ||     7
Armor: Skin              |     5 |    30 |     7 ||    42
Dodge: Dodged            |    17 |    49 |    18 ||    84

Table legend: (Time is in decaauts)
 A = Elapsed time spent in this place.
 B = Non-inter-level travel time spent in this place.
 C = Inter-level travel time spent in this place.
 D = Time resting spent in this place.
 E = Time spent auto-exploring this place.
 F = Levels seen in this place.
 G = Mean time per level.
                   A        B        C        D        E       F      G
               +--------+--------+--------+--------+--------+-----+--------+
         Total |   6934 |   6822 |    112 |    361 |   4999 |   8 |  866.8 |
       Dungeon |   6756 |   6644 |    112 |    361 |   4886 |   7 |  965.1 |
         Sewer |    177 |    177 |      0 |      0 |    113 |   1 |  177.0 |
               +--------+--------+--------+--------+--------+-----+--------+

Top non-repeatable levels by time:
     D:2: 1954 daAuts
     D:1: 1279 daAuts
     D:3: 991 daAuts
     D:6: 892 daAuts
     D:5: 802 daAuts
     D:4: 745 daAuts
   Sewer: 177 daAuts
     D:7: 90 daAuts
